 Dungeon Crawl Stone Soup version 0.28-a0-1190-g77e1c55843 (webtiles) character file.

Game seed: 9865352770380118679

170424 frimble the Fighter (level 17, -4/133 (139) HPs)
             Began as a Demonspawn Warper on Dec 19, 2021.
             Was a High Priest of Cheibriados.
             Incinerated by a deep elf pyromancer (6 damage)
             ... with a sticky flame
             ... on level 2 of the Elven Halls.
             The game lasted 01:05:14 (33355 turns).

frimble the Fighter (Demonspawn Warper)            Turns: 33355, Time: 01:05:14

HP:   -4/133 (139)  AC: 19    Str: 27      XL:     17   Next: 37%
MP:   17/27         EV: 18    Int: 34 (35) God:    Cheibriados [*****.]
Gold: 1985          SH: 16    Dex: 27      Spells: 11/30 levels left

rFire   . . .      SeeInvis .   I - +2 demon blade (spect)
rCold   . . .      Faith    .   Y - +4 buckler of Ethrias {Will+}
rNeg    . . .      Spirit   .   y - +4 troll leather armour
rPois   .          Reflect  +   t - +0 helmet
rElec   .          Harm     .   n - +0 cloak
rCorr   .          Rampage  .   (gloves unavailable)
Will    ++++.                   M - +0 pair of boots {Fly}
Stlth   ++........              W - amulet of the Red Skies {Reflect Will++ SH+5}
HPRegen 1.12/turn               R - +4 ring of protection
MPRegen 0.20/turn               C - +4 ring of protection

@: on fire, flying, glowing, studying 2 skills, lightly drained, very slow
A: foul stench 2, augmentation 1, sturdy frame 2, demonic magic 3, demonic touch
3
a: Renounce Religion, Bend Time, Temporal Distortion, Slouch, Step From Time


You were on level 2 of the Elven Halls.
You worshipped Cheibriados.
Cheibriados was extremely pleased with you.
You visited 6 branches of the dungeon, and saw 28 of its levels.
You visited the Abyss 1 time.
You also visited: Ossuary, Ice Cave and Volcano.

You collected 2661 gold pieces.
You spent 676 gold pieces at shops.

Inventory:

Hand Weapons
 e - a +1 vorpal quick blade
 I - a +2 spectral demon blade (weapon)
Missiles
 u - 3 silver boomerangs (quivered)
 J - 15 boomerangs
 S - 5 javelins
Armour
 n - a +0 cloak (worn)
 t - a +0 helmet (worn)
 y - a +4 troll leather armour (worn)
 M - a +0 pair of boots of flying (worn)
 P - the +3 scale mail of Leapfrog {rElec rPois Dex+2}
   (You bought it in a shop on level 2 of the Orcish Mines)

   Dex:       It affects your dexterity (+2).
   rElec:     It insulates you from electricity.
   rPois:     It protects you from poison.
 Y - the +4 buckler of Ethrias (worn) {Will+}
   (You bought it in a shop on level 2 of the Orcish Mines)

   Will:      It increases your willpower.
Jewellery
 v - a ring of see invisible
 C - a +4 ring of protection (right hand)
 E - a ring of poison resistance
 L - a ring of the Octopus King {rF+ AC+1 EV+1 Str+1 Int+1 Dex+1}
   (You took it off a deep elf knight on level 1 of the Elven Halls)

   [ring of protection from fire]

   AC:        It affects your AC (+1).
   EV:        It affects your evasion (+1).
   Str:       It affects your strength (+1).
   Int:       It affects your intelligence (+1).
   Dex:       It affects your dexterity (+1).
   rF:        It protects you from fire.
 R - a +4 ring of protection (left hand)
 W - the amulet of the Red Skies (around neck) {Reflect Will++ SH+5}
   (You found it on level 13 of the Dungeon)

   [amulet of reflection]

   It reflects blocked missile attacks.
   SH:        It affects your SH (+5).
   Will:      It greatly increases your willpower.
Wands
 k - a wand of iceblast (1)
 m - a wand of digging (8)
 s - a wand of paralysis (9)
 x - a wand of polymorph (4)
 z - a wand of acid (16)
 B - a wand of flame (54)
Scrolls
 b - 9 scrolls of teleportation
 c - 8 scrolls of blinking
 d - 2 scrolls of fog
 f - a scroll of magic mapping
 g - 2 scrolls of amnesia
 F - 4 scrolls of fear
 T - 2 scrolls of immolation
 V - a scroll of brand weapon
 X - 2 scrolls of identify
Potions
 a - a potion of resistance
 h - 8 potions of heal wounds
 i - 13 potions of curing
 j - 2 potions of flight
 o - 2 potions of brilliance
 p - 5 potions of might
 q - a potion of magic
 r - 4 potions of attraction
 w - 4 potions of haste
 A - 9 potions of mutation
 D - a potion of invisibility
 G - 5 potions of ambrosia
 O - 4 potions of lignification
 Q - 3 potions of berserk rage
 Z - a potion of cancellation
Miscellaneous
 l - a tin of tremorstones (inert)
 H - a condenser vane (inert)
 N - a box of beasts (inert)


   Skills:
 + Level 14.1 Fighting
 - Level 6.9(11.0) Short Blades
 - Level 13.3(14.0) Long Blades
 - Level 0.8 Throwing
 - Level 2.0 Armour
 - Level 7.0 Dodging
 - Level 5.0 Stealth
 - Level 4.0 Shields
 - Level 7.0 Spellcasting
 - Level 11.3 Necromancy
 - Level 8.0 Translocations
 + Level 2.2 Ice Magic
 - Level 11.0 Poison Magic
 - Level 12.1 Invocations
 - Level 9.0 Evocations


You had 11 spell levels left.
You knew the following spells:

 Your Spells              Type           Power      Damage    Failure   Level
a - Blink                 Tloc           100%       N/A       1%          2
b - Olgreb's Toxic Radia  Pois           72%        N/A       1%          4
c - Sting                 Tmut/Pois      100%       1d8       1%          1
d - Borgnjor's Vile Clut  Necr/Erth      25%        N/A       10%         5
e - Ozocubu's Refrigerat  Ice            13%        4d7       100%        7

Your spell library contained the following spells:

 Spells                   Type           Power      Damage    Failure   Level
 Freeze                   Ice            100%       1d11      1%          1
 Poisonous Vapours        Pois/Air       98%        N/A       1%          2
 Gell's Gravitas          Tloc           61%        N/A       1%          3
 Lesser Beckoning         Tloc           61%        N/A       1%          3
 Portal Projectile        Hex/Tloc       78%        N/A       1%          3
 Teleport Other           Tloc           61%        N/A       1%          3
 Vampiric Draining        Necr           73%        2d11      1%          3
 Animate Dead             Necr           36%        N/A       1%          4
 Dispel Undead            Necr           73%        3d24      1%          4
 Mephitic Cloud           Conj/Pois/Air  36%        N/A       2%          3
 Magic Dart               Conj           44%        1d5       3%          1
 Slow                     Hex            44%        N/A       3%          1
 Manifold Assault         Tloc           61%        N/A       3%          5
 Frozen Ramparts          Ice            54%        1d7       4%          3
 Ozocubu's Armour         Ice            27%        N/A       4%          3
 Call Imp                 Summ           11%        N/A       5%          2
 Static Discharge         Conj/Air       11%        N/A       5%          2
 Death Channel            Necr           36%        N/A       5%          6
 Call Canine Familiar     Summ           11%        N/A       11%         3
 Confusing Touch          Hex            11%        N/A       11%         3
 Hailstorm                Conj/Ice       19%        3d6       22%         4
 Summon Ice Beast         Ice/Summ       19%        N/A       22%         4
 Animate Armour           Summ/Erth      22%        N/A       34%         4
 Leda's Liquefaction      Hex/Erth       5%         N/A       34%         4
 Sticky Flame             Conj/Fire      11%        2d3       34%         4
 Blade Hands              Tmut           5%         N/A       69%         5
 Borgnjor's Revivificati  Necr           36%        N/A       92%         8
 Iron Shot                Conj/Erth      5%         9d2       99%         6
 Chain Lightning          Conj/Air       5%         3d7       100%        9
 Fire Storm               Conj/Fire      5%         8d2       100%        9
 Shatter                  Erth           5%         3d8*      100%        9


Dungeon Overview and Level Annotations

Branches:
Dungeon (15/15)            Temple (1/1) D:5            Lair (6/6) D:10
  Swamp (0/4) Lair:2        Snake (2/4) Lair:2        Slime (0/5) Lair:5
    Orc (2/2) D:9             Elf (2/3) Orc:2        Vaults (0/5) D:13
 Depths (0/4) D:15        Ossuary (visited)           IceCv (visited)
Volcano (visited)

Altars:
Ashenzari
Cheibriados
Dithmenos
Elyvilon
Fedhas
Gozag
Hepliaklqana
Kikubaaqudgha
Makhleb
Nemelex Xobeh
Okawaru
Qazlal
Ru
Sif Muna
Trog
Uskayaw
Vehumet
Wu Jian
Xom
Yredelemnul
Zin
The Shining One

Shops:
D:3 (   D:9 [   D:14 !   Orc:2 *[[[[

Annotations:
Lair:5 exclusion: 4 oklob plants
Lair:6 exclusion: obsidian statue
Snake:1 1 runed translucent door, Bacito's ghost, adept DECj


Innate Abilities, Weirdness & Mutations

You sometimes emit foul miasma when damaged in melee.
Your magical and physical power is slightly enhanced at high health.
Your movements are less encumbered by armour. (ER -4)
Spells you cast and wands you use may paralyse nearby enemies.
Your touch may irresistibly damage your foes and sap their willpower.


Message History

You hit the +2 battleaxe of draining.
The +2 battleaxe of draining is lightly damaged.
Your +2 spectral demon blade hits the +2 battleaxe of draining.
The deep elf zephyrmancer gestures wildly while chanting.
The deep elf zephyrmancer blinks!
You hit the +2 battleaxe of draining but do no damage.
The +2 battleaxe of draining is moderately damaged.
Your +2 spectral demon blade hits the +2 battleaxe of draining!
You block the +2 battleaxe of draining's attack.
The +2 battleaxe of draining completely misses your +2 spectral demon blade.
You slash the +2 battleaxe of draining!
The +2 battleaxe of draining falls from the air.
Cheibriados thoroughly appreciates the change of pace.
Found 21 gold pieces.
You slice the deep elf zephyrmancer!!
The deep elf zephyrmancer is heavily wounded.
Your +2 spectral demon blade closely misses the deep elf zephyrmancer.
You block the deep elf zephyrmancer's attack.
You slash the deep elf zephyrmancer!
The deep elf zephyrmancer is almost dead.
Your +2 spectral demon blade misses the deep elf zephyrmancer.
You barely miss the deep elf zephyrmancer.
The deep elf zephyrmancer is almost dead.
Your +2 spectral demon blade closely misses the deep elf zephyrmancer.
The deep elf zephyrmancer mumbles some strange words.
The deep elf zephyrmancer blinks!
A deep elf pyromancer comes into view. It is wielding a +0 short sword.
The deep elf pyromancer points at you and mumbles some strange words.
The sticky flame hits you but does no damage.
You are covered in liquid flames!
The +4 glaive hits you. The +4 glaive hits you!!!
* * * LOW HITPOINT WARNING * * *
The deep elf zephyrmancer casts a spell at you.
The bolt of lightning hits the +4 glaive.
The +4 glaive completely resists.
The bolt of lightning hits you!!
* * * LOW HITPOINT WARNING * * *
You step out of the flow of time.
You return to the normal time flow.
Cheibriados lowers the support of your attributes as your movement quickens.
You are covered in liquid flames!
You die...

#... $. #... ...
#... #.. #... #.# ..
.. #... #.##.$..#
...#... #.# .....#
......)##.# #.....#
#.....@.###......#.
....................
.....#.##..#........
.#..#.###..#.....#..
.........##...(.....
...........)......#
#.....###......#..#
#... ##..<.#.[.# .
###### ...


There were no monsters in sight!

Vanquished Creatures
  Jorgrun (Orc:1)
  Rupert (Snake:1)
  Mlioglotl (Snake:1)
  Frances (Snake:1)
  Kirke (Lair:6)
  An azure jelly (IceCv)
  An orc warlord (Orc:2)
  Louise (Elf:1)
  Aizul (Snake:1)
  2 quicksilver oozes (IceCv)
  A deep elf annihilator (Elf:1)
  5 dire elephants
  A deep elf demonologist (Elf:1)
  Josephine (D:10)
  2 deep elf death magi (Elf:1)
  Fannar (Orc:1)
  A boulder beetle (D:11)
  A hydra (Lair:3)
  3 naga warriors (Snake:1)
  2 centaur warriors (D:14)
  3 catoblepae
  16 two-headed ogres
  4 anacondas
  3 ogre magi
  18 dancing weapons
  2 tengu warriors (D:15)
  6 orc high priests
  17 death yaks
  8 deep elf knights (Elf:1)
  A naga sharpshooter (Snake:1)
  A spectral death yak (Lair:6)
  5 skeletal warriors
  2 salamander mystics
  A spectral anaconda (Lair:6)
  A glowing orange brain (Abyss:3)
  7 deep elf archers (Elf:1)
  9 deep elf zephyrmancers
  A wizard (D:9)
  Pikel (D:5)
  2 bog bodies (Lair:2)
  3 mana vipers (Snake:1)
  10 deep elf pyromancers
  5 necromancers
  9 manticores
  9 ugly things
  10 orc knights
  6 cyclopes
  3 salamanders
  14 elephants
  A guardian serpent (Snake:1)
  A smoke demon (Abyss:3)
  19 black mambas
  3 naga magi (Snake:1)
  3 ice statues (IceCv)
  3 molten gargoyles (Volcano)
  A gargoyle (Volcano)
  A torpor snail (Lair:5)
  An unseen horror (D:11)
  12 cane toads
  Maggie (D:10)
  A freezing wraith (D:15)
  6 komodo dragons
  Psyche (D:8)
  2 efreet
  A hellwing (Abyss:3)
  A kobold demonologist (D:12)
  An entropy weaver simulacrum (IceCv)
  A queen bee (Lair:2)
  3 meliai (D:15)
  11 trolls
  2 polar bears
  2 hornets
  4 blink frogs
  5 dream sheep (Lair:5)
  12 slime creatures
  A blink frog (shapeshifter) (D:15)
  3 spectral elephants (Lair:6)
  3 large abominations (Elf:1)
  7 wraiths
  A spriggan (shapeshifter) (D:13)
  A vampire (D:9)
  2 fire elementals
  2 hogs (Lair:6)
  6 wyverns
  A human (Lair:6)
  2 water elementals (Elf:1)
  51 yaks
  Eustachio (D:6)
  3 fire bats (Lair:1)
  6 basilisks
  A death yak simulacrum (Lair:6)
  Grum (D:8)
  10 nagas (Snake:1)
  9 vampire mosquitoes (D:13)
  A harpy simulacrum (D:15)
  3 neqoxecs (Abyss:3)
  A warg (Orc:1)
  4 demonic crawler simulacra (IceCv)
  A swamp worm (Lair:2)
  An acid dragon (D:8)
  16 water moccasins
  2 elephant zombies (Lair:6)
  An ice beast (D:5)
  37 orc warriors
  A sky beast (D:7)
  2 black bears
  5 ugly thing simulacra (IceCv)
  An elephant skeleton (Lair:6)
  15 centaurs
  20 ogres
  2 wolves (D:8)
  A phantom (D:5)
  4 lemures
  Blork the orc (D:5)
  3 kobold brigands
  3 elf zombies
  14 bullfrogs
  An earth elemental (Elf:1)
  A scorpion (D:10)
  6 glowing shapeshifter simulacra (IceCv)
  A water moccasin zombie (D:5)
  7 wights
  32 killer bees
  2 electric eels
  A howler monkey (D:9)
  A small abomination (Abyss:2)
  2 bullfrog zombies (D:5)
  7 centaur zombies
  A jelly (D:4)
  Crazy Yiuf (D:3)
  A gnoll shaman (D:9)
  A human zombie (Ossuary)
  40 orc priests
  A hound (D:5)
  2 centaur skeletons
  2 iguanas (D:10)
  19 orc wizards
  A killer bee zombie (D:8)
  4 hound zombies
  A hound skeleton (D:5)
  3 mummies (Ossuary)
  3 howler monkey skeletons (D:7)
  A howler monkey zombie (D:5)
  7 adders
  6 gnolls
  2 shadow imps
  2 white imps
  An ufetubus (D:6)
  3 adder zombies (Ossuary)
  An adder skeleton (D:4)
  A worm (D:3)
  2 dart slugs
  92 orcs
  7 ball pythons
  3 bats
  7 endoplasms
  7 giant cockroaches
  A gnoll zombie (Ossuary)
  6 goblins
  7 hobgoblins
  8 jackals
  7 quokkas
  4 frilled lizards
  2 goblin zombies
  5 hobgoblin zombies
  6 jackal zombies (Ossuary)
  18 kobolds
  A kobold skeleton (D:7)
  4 kobold zombies (Ossuary)
  5 orc zombies
  4 quokka zombies (Ossuary)
  7 rats
  3 rat zombies (Ossuary)
926 creatures vanquished.

Vanquished Creatures (collateral kills)
  A death knight (D:11)
  A naga ritualist (Snake:1)
  A phantasmal warrior (D:11)
  An elephant (Lair:5)
  A black mamba (Snake:1)
  A wraith (D:9)
6 creatures vanquished.

Vanquished Creatures (others)
  2 deep elf knights (Elf:1)
  A deep elf archer (Elf:1)
  A wizard (D:15)
  A deep elf zephyrmancer (Elf:1)
  57 fungi
  50 plants
  27 withered plants
139 creatures vanquished.

Grand Total: 1071 creatures vanquished

Notes
Turn   | Place    | Note
-------+----------+-------------------------------------------
     0 | D:1      | frimble the Demonspawn Warper began the quest for the Orb.
     0 | D:1      | Reached XP level 1. HP: 16/16 MP: 3/3
   569 | D:1      | Gained mutation: Your touch may inflict minor irresistible
                  | damage on your foes. [demonic ancestry]
   569 | D:1      | Reached XP level 2. HP: 7/22 MP: 5/5
   574 | D:1      | HP: 1/22 [endoplasm (3)]
   937 | D:1      | Reached skill level 1 in Short Blades
  1455 | D:2      | Reached skill level 1 in Stealth
  1455 | D:2      | Gained mutation: You may rarely emit foul miasma when
                  | damaged in melee. [demonic ancestry]
  1455 | D:2      | Reached XP level 3. HP: 27/27 MP: 6/6
  1659 | D:2      | Found a faded altar of an unknown god.
  2104 | D:2      | Reached XP level 4. HP: 33/33 MP: 7/7
  2810 | D:3      | Found a runed translucent door.
  2811 | D:3      | Noticed Crazy Yiuf
  2863 | D:3      | Found Nexzet's Antique Weapon Boutique.
  3245 | D:3      | Noticed an ogre
  3249 | D:3      | Learned a level 2 spell: Blink
  3275 | D:3      | Killed an ogre
  3276 | D:3      | Gained mutation: Your movements are slightly less
                  | encumbered by armour. (ER -2) [demonic ancestry]
  3276 | D:3      | Reached XP level 5. HP: 19/38 MP: 8/8
  3663 | D:3      | Killed Crazy Yiuf
  4181 | D:4      | Reached XP level 6. HP: 44/44 MP: 9/9
  4425 | D:4      | Found a sparkling altar of Nemelex Xobeh.
  4701 | D:5      | Entered Level 5 of the Dungeon
  5024 | D:5      | Noticed an ice beast
  5068 | D:5      | Noticed Pikel
  5142 | D:5      | Found a sand-covered staircase.
  5151 | Ossuary  | Entered an ossuary
  5492 | Ossuary  | Reached XP level 7. HP: 34/50 MP: 10/10
  6543 | D:5      | Found a basalt altar of Yredelemnul.
  6845 | D:5      | Found a staircase to the Ecumenical Temple.
  6851 | D:5      | Learned a level 4 spell: Olgreb's Toxic Radiance
  6872 | D:5      | Reached skill level 5 in Stealth
  7101 | D:5      | Killed Pikel
  7102 | D:5      | Gained mutation: Spells you cast may paralyse adjacent
                  | enemies. [demonic ancestry]
  7102 | D:5      | Reached XP level 8. HP: 20/56 MP: 11/11
  7384 | D:5      | Noticed Blork the orc
  7406 | D:5      | Killed Blork the orc
  8020 | D:6      | Reached skill level 5 in Poison Magic
  8133 | D:5      | Gained mutation: Spells you cast may paralyse nearby
                  | enemies. [demonic ancestry]
  8133 | D:5      | Reached XP level 9. HP: 61/62 MP: 12/12
  8137 | D:6      | Reached skill level 3 in Fighting
  8267 | D:6      | Noticed Eustachio
  8271 | D:6      | Learned a level 1 spell: Sting
  8289 | D:6      | Killed Eustachio
  8351 | D:6      | Noticed a troll
  8356 | D:6      | Killed a troll
  8357 | D:6      | Reached skill level 4 in Fighting
  8404 | D:6      | Found a hide-covered altar of Uskayaw.
  8479 | D:6      | Found a broken altar of Ashenzari.
  8732 | D:6      | Found a stormy altar of Qazlal.
  8867 | D:7      | Reached skill level 5 in Fighting
  9562 | D:7      | Reached skill level 1 in Armour
  9934 | D:7      | Found a faded altar of an unknown god.
  9942 | D:7      | Found an iron altar of Okawaru.
  9944 | D:7      | Found a faded altar of an unknown god.
  9946 | D:7      | Found an opulent altar of Gozag.
 10087 | D:8      | Noticed Grum
 10094 | D:8      | Reached XP level 10. HP: 74/74 MP: 13/13
 10104 | D:8      | Killed Grum
 10159 | D:8      | Found a sacrificial altar of Ru.
 10240 | D:8      | Found an ornate altar of the Wu Jian Council.
 10738 | D:8      | Noticed Psyche
 10749 | D:8      | Killed Psyche
 10884 | D:8      | Found a burning altar of Makhleb.
 11496 | D:9      | Noticed a wizard
 11499 | D:9      | Killed a wizard
 11500 | D:9      | Reached skill level 10 in Poison Magic
 11639 | D:9      | Found a staircase to the Orcish Mines.
 11814 | D:10     | Entered Level 10 of the Dungeon
 11814 | D:10     | Noticed Josephine
 11926 | D:9      | Found Wushij Onei's Antique Armour Boutique.
 12208 | D:10     | Reached skill level 1 in Evocations
 12291 | D:10     | Reached skill level 5 in Translocations
 12304 | D:10     | Reached skill level 6 in Fighting
 12304 | D:10     | Gained mutation: Spells you cast and wands you use may
                  | paralyse nearby enemies. [demonic ancestry]
 12304 | D:10     | Reached XP level 11. HP: 60/81 MP: 3/14
 12307 | D:10     | Killed Josephine
 12437 | D:10     | Found a staircase to the Lair.
 12523 | D:10     | Noticed Maggie
 12532 | D:10     | Killed Maggie
 12656 | D:10     | Noticed a two-headed ogre
 12668 | D:10     | Killed a two-headed ogre
 12669 | D:10     | Reached skill level 7 in Fighting
 13595 | Temple   | Entered the Ecumenical Temple
 13675 | Temple   | Became a worshipper of Cheibriados the Contemplative
 13804 | Lair:1   | Entered Level 1 of the Lair of Beasts
 14075 | Lair:1   | Reached skill level 5 in Evocations
 14077 | Lair:1   | Found a dark tunnel.
 14090 | Volcano  | Entered a volcano
 14341 | Volcano  | Noticed a hell knight
 14345 | Volcano  | Noticed an orc knight
 14346 | Volcano  | Noticed a two-headed ogre
 14346 | Volcano  | a hell knight changed into a two-headed ogre
 14364 | Volcano  | Killed a two-headed ogre
 14376 | Volcano  | Reached skill level 8 in Fighting
 14376 | Volcano  | Killed an orc knight
 14414 | Volcano  | Noticed a salamander mystic
 14423 | Volcano  | Killed a salamander mystic
 14488 | Volcano  | Noticed an orb of fire
 14591 | Volcano  | Noticed an orb of fire
 14605 | Volcano  | Reached XP level 12. HP: 57/94 MP: 12/15
 15280 | Lair:2   | Reached * piety under Cheibriados
 15315 | Lair:2   | Reached ** piety under Cheibriados
 15323 | Lair:2   | Reached skill level 9 in Fighting
 15639 | Lair:2   | Found a staircase to the Snake Pit.
 16055 | Lair:2   | Reached *** piety under Cheibriados
 16056 | Lair:2   | Reached skill level 10 in Fighting
 16153 | Lair:2   | Found a staircase to the Swamp.
 16301 | Lair:2   | Identified the +0 chain mail of the Invisible Knaves
                  | {+Blink rN+ Str-4}
 16635 | Lair:3   | Noticed a seven-headed hydra
 16661 | Lair:3   | Killed a seven-headed hydra
 16866 | Lair:3   | Noticed Sonja
 16873 | Lair:3   | Noticed Sonja
 16873 | Lair:3   | Sonja changed into Sonja the blink frog
 16880 | Lair:3   | Killed Sonja the blink frog
 17031 | Lair:3   | Reached skill level 5 in Spellcasting
 17279 | Lair:3   | Noticed a catoblepas
 17316 | Lair:3   | Killed a catoblepas
 18101 | Lair:4   | Gained mutation: Your movements are less encumbered by
                  | armour. (ER -4) [demonic ancestry]
 18101 | Lair:4   | Reached XP level 13. HP: 104/104 MP: 20/20
 18953 | Lair:5   | Reached **** piety under Cheibriados
 18979 | Lair:5   | You are sucked into a shaft and drop 1 floor!
 18979 | Lair:6   | Entered Level 6 of the Lair of Beasts
 19072 | Lair:6   | Reached skill level 11 in Fighting
 19107 | Lair:6   | Reached skill level 5 in Long Blades
 19153 | Lair:6   | Learned a level 5 spell: Borgnjor's Vile Clutch
 19212 | Lair:6   | Reached skill level 1 in Necromancy
 19217 | Lair:6   | Reached ***** piety under Cheibriados
 19383 | Lair:5   | Reached skill level 12 in Fighting
 19568 | Lair:5   | Gained mutation: Your touch may inflict irresistible damage
                  | on your foes. [demonic ancestry]
 19568 | Lair:5   | Reached XP level 14. HP: 100/115 MP: 24/24
 20071 | Lair:6   | Noticed Kirke
 20086 | Lair:6   | Killed Kirke
 20192 | Lair:6   | Reached skill level 1 in Invocations
 20585 | Lair:6   | Reached skill level 5 in Necromancy
 21088 | D:11     | Found a frozen archway.
 21176 | IceCv    | Entered an ice cave
 21312 | IceCv    | Noticed a quicksilver ooze
 21320 | IceCv    | Killed a quicksilver ooze
 21646 | IceCv    | Reached skill level 5 in Invocations
 21655 | IceCv    | Found a viscous altar of Jiyva.
 21655 | IceCv    | Noticed an azure jelly
 21665 | IceCv    | Killed an azure jelly
 21676 | IceCv    | Noticed a quicksilver ooze
 21680 | IceCv    | Killed a quicksilver ooze
 21701 | IceCv    | Got the Handbook of Cold
 22318 | D:12     | Reached ****** piety under Cheibriados
 23157 | D:13     | Identified the amulet of the Red Skies {Reflect Will++
                  | SH+5}
 23193 | D:13     | Found a gate to the Vaults.
 24142 | D:14     | Gained mutation: You sometimes emit foul miasma when
                  | damaged in melee. [demonic ancestry]
 24142 | D:14     | Reached XP level 15. HP: 92/121 MP: 18/25
 24403 | D:14     | Found Qumoprux's Distillery.
 24535 | D:14     | Bought a potion of cancellation for 128 gold pieces
 24864 | D:15     | Entered Level 15 of the Dungeon
 25339 | D:15     | Found a staircase to the Depths.
 25363 | D:15     | Reached skill level 10 in Invocations
 25729 | D:15     | Reached skill level 10 in Necromancy
 25733 | D:15     | Reached skill level 10 in Long Blades
 26338 | Orc:1    | Entered Level 1 of the Orcish Mines
 26338 | Orc:1    | Noticed Fannar
 26343 | Orc:1    | Killed Fannar
 26735 | Orc:2    | Entered Level 2 of the Orcish Mines
 26735 | Orc:2    | Noticed Jorgrun
 26735 | Orc:2    | Found Liffaikk's Gadget Gallery.
 26735 | Orc:2    | Found a staircase to the Elven Halls.
 26749 | Orc:1    | Killed Jorgrun
 26832 | Orc:2    | Noticed an orc warlord
 26954 | Orc:2    | Killed an orc warlord
 27546 | Orc:2    | Gained mutation: Your magical and physical power is
                  | slightly enhanced at high health. [demonic ancestry]
 27546 | Orc:2    | Reached XP level 16. HP: 85/127 MP: 26/26
 27853 | Orc:2    | Found Cecootse's Antique Armour Shop.
 27856 | Orc:2    | Found Xuywuurch's Armour Boutique.
 27857 | Orc:2    | Found Xumoecs's Antique Armour Shop.
 27858 | Orc:2    | Found Kuago's Armour Shop.
 27865 | Orc:2    | Bought a slimy scale mail for 225 gold pieces
 27865 | Orc:2    | Identified the +3 scale mail of Leapfrog {rElec rPois
                  | Dex+2} (You bought it in a shop on level 2 of the Orcish
                  | Mines)
 28073 | Orc:2    | Bought a slimy buckler for 323 gold pieces
 28073 | Orc:2    | Identified the +4 buckler of Ethrias {Will+} (You bought it
                  | in a shop on level 2 of the Orcish Mines)
 28325 | Lair:6   | Reached skill level 1 in Shields
 28975 | Snake:1  | Entered Level 1 of the Snake Pit
 28975 | Snake:1  | Noticed Rupert
 28982 | Snake:1  | Killed Rupert
 29032 | Snake:1  | Found a runed translucent door.
 29037 | Snake:1  | Noticed Bacito's ghost (adept DECj)
 29397 | Snake:1  | Noticed Frances
 29411 | Snake:1  | Killed Frances
 29737 | Snake:1  | Noticed Mlioglotl
 29749 | Snake:1  | Killed Mlioglotl
 30254 | Snake:1  | Noticed Aizul
 30263 | Snake:1  | Killed Aizul
 31214 | Elf:1    | Entered Level 1 of the Elven Halls
 31230 | Elf:1    | Identified the +5 ring mail "Damnable Contraption" {rPois
                  | rF- Int+4}
 31234 | Elf:1    | Noticed Louise
 31249 | Elf:1    | Killed Louise
 31294 | Elf:1    | Found the ring of the Octopus King {rF+ AC+1 EV+1 Str+1
                  | Int+1 Dex+1}
 31316 | Elf:1    | HP: 3/129 [deep elf knight/shard of ice (20)]
 31832 | Elf:1    | Reached skill level 5 in Dodging
 31834 | Elf:1    | Reached skill level 13 in Fighting
 32005 | Elf:1    | Gained mutation: Your touch may irresistibly damage your
                  | foes and sap their willpower. [demonic ancestry]
 32005 | Elf:1    | Reached XP level 17. HP: 91/132 MP: 16/27
 32433 | Elf:1    | Got the Almanac of Stolen Souls
 32677 | Elf:1    | Found a runed translucent gate.
 32678 | Elf:1    | Found a runed translucent gate.
 32678 | Elf:1    | Found a runed translucent gate.
 32948 | Elf:1    | Cast into level 2 of the Abyss (+1 halberd of distortion)
 32948 | Abyss:2  | Found a corrupted altar of Lugonu.
 33018 | Abyss:2  | HP: 4/138 [balrug/fireball (24)]
 33020 | Abyss:3  | Found a corrupted altar of Lugonu.
 33118 | Abyss:3  | Learned a level 7 spell: Ozocubu's Refrigeration
 33192 | Abyss:3  | Reached skill level 14 in Fighting
 33196 | Abyss:3  | Reached skill level 1 in Ice Magic
 33218 | Elf:1    | Escaped the Abyss
 33354 | Elf:2    | HP: 2/133 [deep elf zephyrmancer/bolt of lightning (27)]
 33355 | Elf:2    | Incinerated by a deep elf pyromancer

Illustrated notes

Levels and vault maps discovered:
D:1:      erik_arrival_blinker_ship, layout_basic,
          hangedman_decor_diamond_cutter, minmay_bisected
D:2:      layout_basic, ebering_ecumenical_altar_hall, minmay_pentomino_w2
D:3:      layout_loops_corners, serial_aquarium, aquarium_bridge_straight
          [aquarium_subvault_bridge, aquarium_subvault_window,
          aquarium_subvault_bridge, aquarium_subvault_window],
          aquarium_bridge_long_joined [aquarium_subvault_bridge,
          aquarium_subvault_balcony, aquarium_subvault_wall,
          aquarium_subvault_bridge, aquarium_subvault_bridge,
          aquarium_subvault_balcony], aquarium_window_fake,
          aquarium_window_fake, aquarium_view_2d, aquarium_balcony_1b,
          serial_shops, shop_fountains, uniq_crazy_yiuf_cottage
D:4:      layout_basic, nemelex_altar_shiori, minmay_misc_feat_four_crosses
D:5:      layout_rooms, nicolae_yredelemnul_corpse_copse, temple_fountains,
          lightli_ossuary_entry_decrepit_ruins, uniq_blork_the_orc, uniq_pikel
D:6:      layout_cave_pools, nicolae_ashenzari_panopticon, kennysheep_mini,
          lemuel_crystal_altar, uniq_eustachio
D:7:      layout_cave_pods, nicolae_tso_besieged_by_evil,
          chequers_temple_overflow_minitemple, nicolae_water_bricks,
          moated_statue
D:8:      layout_loops_corners, nicolae_ru_path_of_blood,
          nicolae_wu_jian_glorious_leap, lemuel_coloured_pillars_altar,
          uniq_grum, uniq_psyche
D:9:      layout_rooms, orc_0_dummy, serial_shops, nicolae_lakefront_shop
D:10:     layout_roguey, minmay_lair_entry_grove, serial_bayou,
          serial_bayou_crossing, serial_bayou_shore_b, serial_bayou_pond_a,
          serial_bayou_lagoon_a, minmay_hedge_maze, uniq_maggie, uniq_josephine
D:11:     layout_loops_ring, gauntlet_entry_generic,
          portal_ice_cave_entry_pillars_2
D:12:     layout_loops_cross
D:13:     layout_cave_pods, erik_vaults_1
D:14:     layout_long_grid, serial_glass, glass_columns_a, glass_columns_b,
          special_room [special_room_orc], kennysheep_windowed_goal
D:15:     hangedman_depths_entry_try_elsewhere_first, layout_loops_corners,
          hangedman_abyss_or_decor_slice
Temple:   eino_temple_lava
Lair:1:   layout_long_grid, nicolae_volcano_entry_batcave
Lair:2:   layout_roguey [special_room_bee], nicolae_swamp_entry_splash_gauntlet,
          minmay_snake_entry_six_corridors, lemuel_fruit_tree,
          grunt_megastairs_1
Lair:3:   layout_cellular_growth, special_room, lemuel_fruit_fields, uniq_sonja
Lair:4:   layout_cave_pods
Lair:5:   layout_loops_ring, minmay_slime_entry_oklob_open, grunt_megastairs_5
Lair:6:   due_jungle_book, layout_misc_corridors, uniq_kirke
Snake:1:  layout_basic, gammafunk_ghost_grave, nicolae_snake_gridmaze_tees,
          nicolae_snake_lava_pool, uniq_rupert, uniq_aizul, uniq_mlioglotl,
          uniq_frances
Snake:2:  layout_basic
Orc:1:    layout_caves, uniq_fannar
Orc:2:    st_orc_pillars, layout_caves, nicolae_shop_gadgets, uniq_jorgrun
Elf:1:    minmay_the_grid_triangle_9x9_rhombus_thin_mashed
          [minmay_the_grid_triangle_9x9_skeleton,
          minmay_the_grid_triangle_9x9_prize_center,
          minmay_the_grid_triangle_9x9_intruding_spiral,
          minmay_the_grid_triangle_9x9_limited_checkers], layout_rooms,
          minmay_elf_necromancy, st_stairs_3,
          nicolae_gammafunk_elf_defective_weapons_storage, uniq_louise
Elf:2:    nicolae_elf_blades_crystal_corner, layout_rooms

Skill      XL: |  1  2  3  4  5  6  7  8  9 10 11 12 13 14 15 16 17 |
---------------+----------------------------------------------------+-----
Long Blades    | 2 6 8 10 13 | 13.3
Short Blades   | 1 2 3 4 6 |  6.9
Stealth        | 1 3 4 5 |  5.0
Translocations | 3 4 5 7 8 |  8.0
Poison Magic   | 3 5 8 11 | 11.0
Fighting       | 5 6 8 10 12 13 14 | 14.1
Dodging        | 3 5 7 |  7.0
Armour         | 1 2 |  2.0
Evocations     | 2 6 8 9 |  9.0
Spellcasting   | 5 7 |  7.0
Necromancy     | 4 8 11 | 11.3
Invocations    | 8 12 | 12.1
Shields        | 4 |  4.0
Ice Magic      | 2 |  2.2
Throwing       | |  0.8

Action                   |  1- 3 |  4- 6 |  7- 9 | 10-12 | 13-15 | 16-18 || total
-------------------------+-------+-------+-------+-------+-------+-------++-------
Melee: Falchion          |    24 |       |       |       |       |       ||    24
       Dagger            |    74 |   188 |   405 |   663 |   207 |       ||  1537
       Touch             |     9 |    40 |    87 |   127 |   241 |    36 ||   540
       Demon blade       |       |       |       |       |   746 |   488 ||  1234
Throw: Boomerang         |     3 |       |     4 |     7 |    13 |     7 ||    34
 Cast: Blink             |       |     1 |     7 |    21 |    10 |     3 ||    42
       Sting             |       |       |    16 |    25 |     2 |     3 ||    46
       Olgreb's Toxic Ra |       |       |    12 |    31 |    48 |    11 ||   102
       Borgnjor's Vile C |       |       |       |       |     6 |    11 ||    17
Invok: Slouch            |       |       |       |       |     1 |     6 ||     7
       Step From Time    |       |       |       |       |       |     1 ||     1
Evoke: Wand              |       |       |     1 |    28 |     8 |     4 ||    41
       Condenser vane    |       |       |       |     2 |     4 |     2 ||     8
       Box of beasts     |       |       |       |       |     3 |     3 ||     6
       Tin of tremorston |       |       |       |       |       |     5 ||     5
  Use: Scroll            |     3 |     5 |     8 |     6 |    12 |     3 ||    37
       Potion            |       |       |       |     1 |     1 |     6 ||     8
 Stab: Sleeping          |     1 |    11 |     4 |    12 |    15 |     4 ||    47
       Paralysed         |       |       |     6 |    27 |    23 |     4 ||    60
       Confused          |       |       |       |     1 |       |       ||     1
       Distracted        |       |       |       |       |    15 |    17 ||    32
       Petrified         |       |       |       |       |     4 |       ||     4
       Invisible         |       |       |       |       |       |     1 ||     1
Armor: Leather armour    |    25 |    52 |    60 |       |       |       ||   137
       Troll leather arm |       |       |    42 |   267 |   413 |    71 ||   793
       Scale mail        |       |       |       |       |       |    33 ||    33
       Skin              |       |       |       |       |       |     1 ||     1
Dodge: Dodged            |    54 |   105 |   196 |   362 |   601 |   192 ||  1510
Block: Other             |       |       |       |       |    83 |    21 ||   104
       Buckler           |       |       |       |       |       |   251 ||   251
       Reflection        |       |       |       |       |       |    46 ||    46

Table legend: (Time is in decaauts)
 A = Elapsed time spent in this place.
 B = Non-inter-level travel time spent in this place.
 C = Inter-level travel time spent in this place.
 D = Time resting spent in this place.
 E = Time spent auto-exploring this place.
 F = Levels seen in this place.
 G = Mean time per level.
                   A        B        C        D        E       F      G
               +--------+--------+--------+--------+--------+-----+--------+
         Total |  42388 |  38913 |   3475 |   1040 |  29973 |  33 | 1284.5 |
       Dungeon |  20830 |  19297 |   1533 |    375 |  15634 |  15 | 1388.7 |
        Temple |     92 |     67 |     25 |      0 |     63 |   1 |   92.0 |
          Lair |  10167 |   9123 |   1044 |     84 |   7475 |   6 | 1694.5 |
     Snake Pit |   2784 |   2663 |    121 |     42 |   2270 |   2 | 1392.0 |
  Orcish Mines |   3476 |   2835 |    641 |    182 |   1920 |   2 | 1738.0 |
   Elven Halls |   1909 |   1799 |    110 |      0 |   1136 |   2 |  954.5 |
         Abyss |    344 |    344 |      0 |    117 |     77 |   2 |  172.0 |
       Ossuary |   1069 |   1069 |      0 |      1 |    860 |   1 | 1069.0 |
      Ice Cave |    860 |    860 |      0 |    112 |    342 |   1 |  860.0 |
       Volcano |    854 |    854 |      0 |    127 |    194 |   1 |  854.0 |
               +--------+--------+--------+--------+--------+-----+--------+

Top non-repeatable levels by time:
 Snake:1: 2775 daAuts
   Orc:2: 2475 daAuts
  Lair:6: 2391 daAuts
    D:15: 2367 daAuts
  Lair:3: 1883 daAuts
   Elf:1: 1882 daAuts
     D:5: 1800 daAuts
  Lair:2: 1779 daAuts
  Lair:5: 1701 daAuts
     D:3: 1629 daAuts
     D:8: 1511 daAuts
    D:10: 1484 daAuts
    D:13: 1472 daAuts
    D:14: 1455 daAuts
     D:1: 1451 daAuts
